 Dungeon Crawl Stone Soup version 0.30-b1-2-g02819fbbbe (webtiles) character file.

Game seed: 17647181224422533178

19111 nightchill the Cleaver (level 12, -28/84 HPs)
             Began as a Gargoyle Monk on Oct 5, 2023.
             Was a Priest of Ashenzari.
             Annihilated by a boulder beetle (40 damage)
             ... on level 2 of the Lair of Beasts.
             The game lasted 00:36:47 (15667 turns).

nightchill the Cleaver (Gargoyle Monk)             Turns: 15667, Time: 00:36:48

Health: -28/84     AC: 12    Str: 16    XL:     12   Next: 65%
Magic:  21/21      EV: 29    Int: 15    God:    Ashenzari [***...]
Gold:   1387       SH:  0    Dex: 18    Spells: 15/23 levels left

rFire   + . .        z - +0 war axe of the Cryptic Paranoia {Melee, Cun} (curse)
rCold   . . .        d - orb {light}
rNeg    + . .        (no body armour)
rPois   ∞            (no helmet)
rElec   +            (no cloak)
rCorr   .            s - +0 pair of gloves "Omniscient Fanaticism" {Elem, Bglg} (curse)
SInv    +            p - +2 pair of boots "Liberalism of Ashenzari" {Elem, Melee} (curse)
Will    .....        q - amulet "Shattered With Me" {Acrobat, Self, Evo} (curse)
Stlth   +            n - ring of protection from fire
HPRegen 0.34/turn    y - ring "Oscillating Fan" {Dex+6, Comp, Cun} (curse)
MPRegen 0.17/turn

%: acrobat, clarity
@: acrobatic, glowing
A: sickness immunity, AC +8, negative energy resistance 1, electricity
resistance, torment resistance 1, petrification resistance
a: Renounce Religion, Shatter the Chains


You were on level 2 of the Lair of Beasts.
You worshipped Ashenzari.
Ashenzari was most pleased with you.
You visited 3 branches of the dungeon, and saw 13 of its levels.
You visited the Abyss 1 time.
You also visited: Bailey.

You collected 1985 gold pieces.
You spent 598 gold pieces at shops.

Inventory:

Hand Weapons
 a - a +0 hand axe
 z - the cursed +0 war axe of the Cryptic Paranoia (weapon) {Melee, Cun}
   (You found it on level 3 of the Dungeon)

   It has a curse which improves the following skills: Melee Combat: Short
   Blades, Long Blades, Axes, Maces & Flails, Polearms, Staves and Unarmed
   Combat.
   Cunning:   Dodging and Stealth.
 N - the +8 whip "Snakebite" {venom, curare, rPois}
   (You found it on level 1 of the Lair of Beasts)

   rPois:     It protects you from poison.
Armour
 d - an orb of light (worn)
 i - a +0 pair of boots
 l - a +2 robe of willpower
 p - the cursed +2 pair of boots "Liberalism of Ashenzari" (worn) {Elem, Melee}
   (You found it on level 2 of the Dungeon)

   It has a curse which improves the following skills: Elements: Fire Magic, Ice
   Magic, Air Magic and Earth Magic.
   Melee Combat: Short Blades, Long Blades, Axes, Maces & Flails, Polearms,
   Staves and Unarmed Combat.
 s - the cursed +0 pair of gloves "Omniscient Fanaticism" (worn) {Elem, Bglg}
   (You found it on level 3 of the Dungeon)

   It has a curse which improves the following skills: Elements: Fire Magic, Ice
   Magic, Air Magic and Earth Magic.
   Beguiling: Conjurations, Hexes and Translocations.
 F - the +18 shield of the Gong {Loud rN+ Will+ rCorr EV-5}
   (You found it on level 8 of the Dungeon)

   Loud:      It is deafeningly noisy when blocking attacks.
   EV:        It affects your evasion (-5).
   rN:        It protects you from negative energy.
   rCorr:     It protects you from acid and corrosion.
   Will:      It increases your willpower.
 L - an orb of light
Magical Staves
 B - a staff of fire
Jewellery
 n - a ring of protection from fire (left hand)
 q - the cursed amulet "Shattered With Me" (around neck) {Acrobat, Self, Evo}
   (You found it on level 2 of the Dungeon)

   [amulet of the acrobat]

   It increases your evasion while moving and waiting.
   It has a curse which improves the following skills: Introspection: Fighting
   and Spellcasting.
   Evocations: Evocations.
 y - the cursed ring "Oscillating Fan" (right hand) {Dex+6, Comp, Cun}
   (You found it on level 3 of the Dungeon)

   [ring of dexterity]

   Dex:       It affects your dexterity (+6).
   It has a curse which improves the following skills: Companions: Summonings
   and Necromancy.
   Cunning:   Dodging and Stealth.
 D - a +6 ring of dexterity
 M - a +6 ring of dexterity
 O - an amulet of magic regeneration
Wands
 J - a wand of iceblast (5)
Scrolls
 e - 2 scrolls of blinking
 f - 8 scrolls of teleportation
 h - a scroll of silence
 m - 2 scrolls of amnesia
 r - a scroll of butterflies
 t - a scroll of brand weapon
 v - a scroll of vulnerability
 w - a scroll of enchant weapon
 x - 2 scrolls of magic mapping
 A - a scroll of enchant armour
Potions
 c - 3 potions of ambrosia
 g - 5 potions of magic
 j - 2 potions of brilliance
 k - a potion of cancellation
 o - 5 potions of degeneration
 u - 8 potions of flight
 C - 10 potions of curing
 E - 2 potions of invisibility
 G - 2 potions of haste
 H - 5 potions of mutation
 I - a potion of might
Miscellaneous
 K - a phantom mirror


   Skills:
 + Level 11.9(13.4) Fighting
 - Level 12.5(14.6) Axes
 + Level 3.1(5.0) Dodging
 + Level 4.7(6.2) Spellcasting
 - Level 7.4(9.0) Conjurations
 * Level 7.6(9.9) Fire Magic
 - Level 0.4 Poison Magic


You had 15 spell levels left.
You knew the following spells:

 Your Spells              Type           Power      Damage    Failure   Level
a - Olgreb's Toxic Radia  Pois           6%         N/A       75%         4
b - Flame Wave            Conj/Fire      33%        2d10      3%          4

Your spell library contained the following spells:

 Spells                   Type           Power      Damage    Failure   Level
 Scorch                   Fire           68%        2d8       1%          2
 Momentum Strike          Conj/Tloc      36%        3d9       3%          2
 Stone Arrow              Conj/Erth      36%        3d9       6%          3
 Sandblast                Erth           10%        2d5       13%         1
 Summon Small Mammal      Summ           20%        N/A       14%         1
 Blink                    Tloc           10%        N/A       21%         2
 Lesser Beckoning         Tloc           10%        N/A       21%         2
 Passwall                 Tmut/Erth      4%         N/A       21%         2
 Frozen Ramparts          Ice            10%        1d2       36%         3
 Call Canine Familiar     Summ           5%         N/A       38%         3
 Summon Guardian Golem    Hex/Summ       5%         N/A       38%         3
 Summon Ice Beast         Ice/Summ       5%         N/A       78%         4
 Ice Form                 Ice/Tmut       5%         N/A       80%         4
 Petrify                  Tmut/Erth      5%         N/A       80%         4
 Metabolic Englaciation   Hex/Ice        2%         N/A       98%         5
 Summon Cactus Giant      Summ           2%         N/A       100%        6
 Discord                  Hex            2%         N/A       100%        8
 Ignition                 Fire           17%        3d7       100%        8
 Statue Form              Tmut/Erth      Unusable   N/A       N/A         6

Dungeon Overview and Level Annotations

Branches:
Dungeon (9/15)             Temple (1/1) D:5            Lair (3/5) D:9
  Snake (0/4) Lair:2          Orc (0/2) D:9          Bailey (visited)
  Swamp: Lair:2-3    Shoals: Lair:2-3

Altars:
Ashenzari
Cheibriados
Dithmenos
Elyvilon
Fedhas
Gozag
Hepliaklqana
Kikubaaqudgha
Makhleb
Nemelex Xobeh
Okawaru
Qazlal
Ru
Sif Muna
Trog
Uskayaw
Vehumet
Xom
Yredelemnul
Zin
The Shining One

Shops:
D:4 *   D:6 =*   D:8 (

Annotations:
D:3 exclusion: downstairs
D:7 exclusion: downstairs
Temple 2 transporters


Innate Abilities, Weirdness & Mutations

You are immune to sickness and miasma.
Your stone body is resilient. (AC +8)
You are immune to poison.
You resist negative energy. (rN+)
You are resistant to electric shocks. (rElec)
You are resistant to unholy torment.
You are immune to petrification.


Message History

The boulder beetle is lightly wounded.
The boulder beetle bites you but does no damage.
You hit the boulder beetle but do no damage.
The boulder beetle is lightly wounded.
The boulder beetle closely misses you.
You hit the boulder beetle.
The boulder beetle is lightly wounded.
The boulder beetle leaps!
The boulder beetle waves its antennae.
The boulder beetle curls into a ball and begins rolling!
The boulder beetle barely misses you.
The boulder beetle stops rolling and uncurls.
You hit the boulder beetle but do no damage.
The boulder beetle leaps!
The boulder beetle curls into a ball and begins rolling!
There is a stone staircase leading down here.
Things that are here:
a +0 mace; a +0 robe; a +0 mace The boulder beetle completely misses you.
The boulder beetle stops rolling and uncurls.
The boulder beetle bites you but does no damage.
You hit the boulder beetle but do no damage.
The boulder beetle bites you but does no damage.
You hit the boulder beetle but do no damage.
The boulder beetle bites you!
* * * LOW HITPOINT WARNING * * *
You hit the boulder beetle but do no damage.
You hit the boulder beetle.
The boulder beetle is lightly wounded.
The boulder beetle bites you!
* * * LOW HITPOINT WARNING * * *
You hit the boulder beetle.
The boulder beetle is lightly wounded.
The boulder beetle leaps!
You see here a +0 short sword.
The boulder beetle bites you!
* * * LOW HITPOINT WARNING * * *
The boulder beetle curls into a ball and begins rolling!
The boulder beetle hits you!!!
You die...

#### #....#####.#...........##..
#######....######.....>.....##...
.................................
..................#.......#......
..................#.......#......
#...P###.#.#...#..###...###......
....## ####.####....)..## ####...
....# ### #..>○#).## #P.. #...###
#.@B..#.# ####..
#.....##########...#########.##..
.................................
..........................)......
!................................
#..###P##PP..##....#######..###..
#.#.##########......# ##.# #..
##### ##....## #####.. ##....####
#...


You could see a boulder beetle (rolling).

Vanquished Creatures
  A two-headed ogre (D:8)
  Nergalle (Lair:1)
  Sonja (Lair:2)
  A skyshark (Lair:2)
  4 black mambas
  9 elephants
  2 vault sentinels (D:8)
  4 cane toads
  A komodo dragon (Lair:2)
  A polar bear (Lair:1)
  A troll (D:9)
  4 blink frogs
  3 wyverns
  A wraith (D:9)
  7 yaks
  Eustachio (D:6)
  3 steam dragons
  A basilisk (Lair:1)
  3 nagas (Lair:2)
  10 water moccasins
  Duvessa (D:6)
  3 orc warriors
  A sky beast (D:7)
  6 ogres
  2 black bears
  19 wolves
  3 centaurs
  2 phantoms (D:5)
  A kobold brigand (D:9)
  6 bullfrogs
  5 scorpions
  A gnoll sergeant (D:8)
  8 wights
  Dowan (D:6)
  4 killer bees (D:9)
  3 howler monkeys (D:9)
  An electric eel (Lair:1)
  2 jellies
  A quasit (Abyss:2)
  4 orc priests (D:9)
  2 hounds
  2 sleepcaps
  2 iguanas
  6 orc wizards
  5 hell rats (Lair:1)
  7 gnolls
  12 adders
  A shadow imp (D:6)
  2 white imps (D:7)
  5 worms
  3 dart slugs
  46 orcs
  7 endoplasms
  8 giant cockroaches
  9 goblins
  5 hobgoblins
  3 jackals (D:1)
  2 quokkas
  7 ball pythons
  6 bats
  3 frilled lizards
  11 kobolds
  7 rats
294 creatures vanquished.

Vanquished Creatures (others)
  6 fungi (Lair:2)
  26 plants
32 creatures vanquished.

Grand Total: 326 creatures vanquished

Notes
Turn   | Place    | Note
-------+----------+-------------------------------------------
     0 | D:1      | nightchill the Gargoyle Monk began the quest for the Orb.
     0 | D:1      | Reached XP level 1. HP: 14/14 MP: 1/1
    84 | D:1      | Reached skill level 3 in Axes
   144 | D:1      | Reached XP level 2. HP: 19/19 MP: 2/2
   413 | D:1      | Reached XP level 3. HP: 24/24 MP: 3/3
  1098 | D:2      | Reached XP level 4. HP: 27/29 MP: 4/4
  1139 | D:2      | Reached skill level 4 in Axes
  2378 | D:3      | Reached XP level 5. HP: 11/34 MP: 5/5
  2570 | D:3      | Noticed a centaur
  2592 | D:3      | Killed a centaur
  2642 | D:3      | Reached skill level 5 in Axes
  2954 | D:4      | Found Pistro's Mayhem Merchandise.
  2983 | D:3      | Reached XP level 6. HP: 36/40 MP: 6/6
  3073 | D:3      | Reached skill level 5 in Fighting
  3352 | D:4      | Reached XP level 7. HP: 40/44 MP: 7/7
  3401 | D:4      | Reached skill level 6 in Axes
  3509 | D:4      | Found a hazy altar of Hepliaklqana.
  3509 | D:4      | Found a sparkling altar of Nemelex Xobeh.
  3511 | D:4      | Found a white marble altar of Elyvilon.
  3521 | D:4      | Found a basalt altar of Yredelemnul.
  3523 | D:4      | Found a snail-covered altar of Cheibriados.
  3524 | D:4      | Found a burning altar of Makhleb.
  3525 | D:4      | Found a sacrificial altar of Ru.
  3526 | D:4      | Found a radiant altar of Vehumet.
  3671 | D:4      | Identified the +2 mace of Dissatisfaction {drain, rN+ Str-5
                  | Int+4}
  4050 | D:5      | Entered Level 5 of the Dungeon
  4634 | D:5      | Found a staircase to the Ecumenical Temple.
  4649 | Temple   | Entered the Ecumenical Temple
  4649 | Temple   | Found a transporter.
  4649 | Temple   | Found a transporter.
  4651 | Temple   | Found a transporter.
  4651 | Temple   | Found a transporter.
  4665 | Temple   | Became a worshipper of Ashenzari the Shackled
  4734 | Temple   | Reached skill level 7 in Axes
  4882 | Temple   | Reached * piety under Ashenzari
  4882 | Temple   | Identified a scroll of acquirement
  4885 | Temple   | Acquired 1339 gold pieces
  4905 | Temple   | Reached XP level 8. HP: 44/52 MP: 8/8
  5644 | D:5      | Reached skill level 8 in Axes
  5819 | D:4      | Bought the Unrestrained Analects for 598 gold pieces
  5824 | D:4      | Learned a level 4 spell: Olgreb's Toxic Radiance
  6199 | D:5      | Reached ** piety under Ashenzari
  6691 | D:6      | Found Suimihum's Lightly-Used Armoury.
  6709 | D:6      | Found Riblesm's Jewellery Emporium.
  6746 | D:6      | Reached XP level 9. HP: 53/60 MP: 9/9
  6759 | D:6      | Reached skill level 9 in Axes
  6788 | D:6      | Noticed Eustachio
  7260 | D:6      | Killed Eustachio
  7417 | D:6      | Noticed Duvessa
  7417 | D:6      | Noticed Dowan
  7436 | D:6      | Killed Dowan
  7442 | D:6      | HP: 2/61 [Duvessa/+0 rapier (16)]
  7452 | D:6      | Killed Duvessa
  7796 | D:7      | Reached skill level 10 in Axes
  8181 | D:7      | Reached *** piety under Ashenzari
  8794 | D:8      | Found Kapecwuh's Weapon Boutique.
  8819 | D:8      | Reached XP level 10. HP: 68/68 MP: 10/10
  9063 | D:8      | Reached **** piety under Ashenzari
  9118 | D:8      | Noticed a vault sentinel
  9118 | D:8      | Noticed a vault sentinel
  9149 | D:8      | Noticed a two-headed ogre
  9327 | D:8      | Found the +18 shield of the Gong {Loud rN+ Will+ rCorr
                  | EV-5}
  9335 | D:8      | Killed a vault sentinel
  9336 | D:8      | Reached skill level 11 in Axes
  9362 | D:8      | Killed a vault sentinel
  9717 | D:8      | Killed a two-headed ogre
  9718 | D:8      | Reached skill level 10 in Fighting
 10539 | D:9      | Reached skill level 12 in Axes
 10583 | D:9      | Found a flagged portal.
 10589 | Bailey   | Entered a bailey
 10936 | Bailey   | Noticed an orc knight
 10937 | Bailey   | Noticed an orc knight
 10983 | D:9      | Learned a level 4 spell: Flame Wave
 11171 | D:9      | Reached skill level 1 in Conjurations
 11171 | D:9      | Reached skill level 1 in Fire Magic
 11236 | D:9      | Found a staircase to the Lair.
 11494 | D:9      | Found a staircase to the Orcish Mines.
 11772 | D:9      | Found a stormy altar of Qazlal.
 11918 | D:9      | Reached skill level 1 in Spellcasting
 12060 | Lair:1   | Entered Level 1 of the Lair of Beasts
 12065 | Lair:1   | Reached XP level 11. HP: 78/78 MP: 13/15
 13305 | Lair:1   | Reached skill level 5 in Conjurations
 13322 | Lair:1   | Reached skill level 5 in Fire Magic
 13622 | Lair:1   | Reached XP level 12. HP: 70/85 MP: 10/20
 14110 | Lair:1   | Found the +8 whip "Snakebite" {venom, curare, rPois}
 14300 | Lair:2   | Noticed Nergalle
 14314 | Lair:1   | Killed Nergalle
 14571 | Lair:2   | Found a staircase to the Snake Pit.
 14590 | Lair:2   | Noticed Sonja
 14727 | Abyss:2  | Cast into level 2 of the Abyss (Sonja)
 14742 | Abyss:2  | Found a corrupted altar of Lugonu.
 14761 | Abyss:2  | Found a corrupted altar of Lugonu.
 14766 | Abyss:2  | Found a corrupted altar of Lugonu.
 14766 | Abyss:2  | Found a corrupted altar of Lugonu.
 14769 | Abyss:2  | Noticed a large abomination
 14775 | Abyss:2  | Noticed a thrashing horror
 14819 | Lair:2   | Escaped the Abyss
 14834 | Lair:2   | Killed Sonja
 15102 | Lair:2   | Noticed a skyshark
 15120 | Lair:2   | Killed a skyshark
 15622 | Lair:3   | Noticed a boulder beetle
 15667 | Lair:2   | Annihilated by a boulder beetle

Illustrated notes

Levels and vault maps discovered:
D:1:      lemuel_arrival_lava_pool, layout_basic, nicolae_eternal_life
D:2:      layout_basic
D:3:      layout_basic, minmay_fractal_squares_diagonal_5
D:4:      layout_cave_pools, minitemple, minmay_shop_mayhem, feat_on_display
D:5:      layout_basic, minmay_temple_entry_arrows, serial_rivers,
          chequers_serial_rivers_micro_d, chequers_serial_rivers_small_b,
          chequers_serial_rivers_room_a, chequers_serial_rivers_large_b,
          chequers_serial_rivers_small_b
D:6:      layout_rooms, serial_corexii_hall, corexii_hall_statues_t,
          corexii_hall_statues_x, corexii_hall_statues_l,
          corexii_hall_statues_s, st_stairs_7, minmay_shop_damaged,
          nicolae_stop_n_shop_1, uniq_duvessa, uniq_eustachio
D:7:      layout_loops_ring
D:8:      layout_basic, serial_shops, nicolae_shop_real_fake_doors,
          hellmonk_guarded_unrand_gong
D:9:      layout_cave_pods, mainiacjoe_overflow_tiny_flanked, lair_entry_dummy,
          enter_bailey_2, serial_bayou_pond_b
Temple:   hellmonk_temple_divided_pantheon
Lair:1:   minmay_guarded_unrand_snakebite, layout_cave_shapes,
          grunt_megastairs_3, serial_bayou_shore_a
Lair:2:   layout_long_grid, minmay_snake_entry_guardpost_small, uniq_sonja,
          uniq_nergalle
Lair:3:   layout_hall_layers, minmay_shoals_entry_beasts,
          gammafunk_ghost_necromancy

Skill      XL: |  1  2  3  4  5  6  7  8  9 10 11 12 |
---------------+-------------------------------------+-----
Axes           | 3 4 5 7 8 10 12 | 12.5
Fighting       | 4 5 6 7 9 10 11 | 11.9
Conjurations   | 2 6 7 |  7.4
Fire Magic     | 2 5 7 |  7.6
Spellcasting   | 1 3 4 |  4.7
Dodging        | 3 |  3.1
Poison Magic   | |  0.4

Action                     |  1- 3 |  4- 6 |  7- 9 | 10-12 || total
---------------------------+-------+-------+-------+-------++-------
  Melee: Hand axe          |   116 |   194 |   412 |       ||   722
         War axe           |       |       |   127 |   563 ||   690
   Cast: Flame Wave        |       |       |       |    27 ||    27
 Invoke: Curse Item        |       |       |     5 |     2 ||     7
         Shatter the Chain |       |       |       |     2 ||     2
    Use: Scroll            |       |       |     1 |     1 ||     2
         Potion            |       |       |     3 |     2 ||     5
 Armour: Robe              |    41 |    76 |   173 |   235 ||   525
         Skin              |       |       |       |     3 ||     3
  Dodge: Dodged            |    91 |   132 |   383 |   609 ||  1215
